 Dungeon Crawl Stone Soup version 0.26-a0-665-gefeb406119 (webtiles) character file.

Game seed: 13635345346226471208

102246 jasper the Severer (level 15, -3/169 HPs)
             Began as a Demonspawn Berserker on Oct 15, 2020.
             Was a High Priest of Trog.
             Shot with a bolt by a naga sharpshooter (11 damage)
             ... on level 1 of the Snake Pit.
             The game lasted 00:35:33 (23176 turns).

jasper the Severer (Demonspawn Berserker)          Turns: 23176, Time: 00:35:34

Health: -3/169     AC: 21    Str: 27    XL:     15   Next: 85%
Magic:  15/15      EV: 14    Int: 18    God:    Trog [*****.]
Gold:   1049       SH:  0    Dex: 18    Spells: 14/14 levels left

rFire    . . .     SeeInvis .   X - +6 battleaxe of Nideadan {vorpal, +Rage rN++ Str-2 Int+4}
rCold    + . .     Faith    .   (shield currently unavailable)
rNeg     + + .     Spirit   .   L - +2 chain mail {rPois}
rPois    +         Reflect  .   (helmet restricted)
rElec    .         Harm     .   D - +2 cloak
rCorr    .         Rampage  +   W - +0 pair of gloves
MR       +++..                  v - +2 pair of boots {rampage}
Stlth    ..........             M - amulet of regeneration
HPRegen  1.78/turn              j - +6 ring of dexterity
MPRegen  0.14/turn              f - +6 ring of strength

@: berserking, lethally poisoned (-3 -> -4), regenerating, very quick
A: antennae 1, cold resistance 1, icemail, spiny 1, freezing cloud immunity, big
brain 2
a: Berserk, Trog's Hand, Brothers in Arms, Renounce Religion, Evoke Berserk Rage


You were on level 1 of the Snake Pit.
You worshipped Trog.
Trog was extremely pleased with you.
You visited 5 branches of the dungeon, and saw 25 of its levels.

You collected 2220 gold pieces.
You spent 1171 gold pieces at shops.

Inventory:

Hand Weapons
 C - a +0 battleaxe of freezing
 O - a +3 executioner's axe of flaming
 X - the +6 battleaxe of Nideadan (weapon) {vorpal, +Rage rN++ Str-2 Int+4}
   (Trog gifted it to you on level 4 of the Lair of Beasts)

   It inflicts extra damage upon your enemies.
   It affects your strength (-2).
   It affects your intelligence (+4).
   It greatly protects you from negative energy.
   It lets you go berserk.
 Y - a +2 battleaxe of electrocution
Missiles
 m - 575 stones (quivered)
Armour
 v - a +2 pair of boots of rampaging (worn)
 D - a +2 cloak (worn)
 L - a +2 chain mail of poison resistance (worn)
 Q - a +0 cloak
 W - a +0 pair of gloves (worn)
Jewellery
 f - a +6 ring of strength (right hand)
 j - a +6 ring of dexterity (left hand)
 E - an uncursed ring of ice
 M - an amulet of regeneration (around neck)
Wands
 o - a wand of disintegration (25)
 t - a wand of polymorph (19)
 y - a wand of enslavement (8)
 F - a wand of paralysis (11)
 I - a wand of acid (15)
 N - a wand of flame (106)
 S - a wand of iceblast (20)
 T - a wand of random effects (16)
 Z - a wand of digging (5)
Scrolls
 g - 17 scrolls of remove curse
 i - 3 scrolls of fog
 k - 5 scrolls of enchant weapon
 q - 4 scrolls of fear
 r - 9 scrolls of enchant armour
 w - 8 scrolls of teleportation
 x - 4 scrolls of immolation
 z - 3 scrolls of magic mapping
 A - 3 scrolls of identify
 G - 2 scrolls of blinking
 K - 2 scrolls of brand weapon
 V - a scroll of summoning
Potions
 d - 7 potions of curing
 e - 5 potions of lignification
 h - 7 potions of flight
 l - 7 potions of haste
 n - 2 potions of resistance
 p - 5 potions of ambrosia
 s - 4 potions of magic
 u - 2 potions of invisibility
 B - 5 potions of heal wounds
 H - 2 potions of cancellation
 J - 3 potions of brilliance
 P - 3 potions of mutation
 R - 4 potions of stabbing
 U - 2 potions of might
Miscellaneous
 a - a tin of tremorstones (3/3)
 b - a lightning rod (4/4)
 c - a phial of floods


   Skills:
 + Level 9.2 Fighting
 - Level 20.0 Axes
 + Level 8.2 Armour
 + Level 8.1 Dodging
 + Level 8.6 Evocations


You had 14 spell levels left.
You didn't know any spells.
Your spell library was empty.

Dungeon Overview and Level Annotations

Branches:
Dungeon (15/15)            Temple (1/1) D:7            Lair (6/6) D:11
  Swamp (0/4) Lair:3        Snake (1/4) Lair:2        Slime (0/5) Lair:5
    Orc (2/2) D:9             Elf (0/3) Orc:2        Vaults (0/5) D:13
 Depths (0/5) D:15

Altars:
Cheibriados
Kikubaaqudgha
Trog
Uskayaw
Vehumet
Xom
The Shining One
Beogh

Shops:
D:4 ?   D:11 ?=[   Orc:1 =   Orc:2 (![(?

Annotations:
D:7 2 runed translucent doors, snackwell's ghost, novice MfSu
D:8 5 runed translucent doors
Lair:4 exclusion: 4 oklob plants
Lair:6 exclusion: 2 doors
Orc:1 2 runed translucent doors, Teryn's ghost, journeyman DsAK


Innate Abilities, Weirdness & Mutations

You have a pair of small antennae on your head.
Your flesh is cold resistant. (rC+)
A meltable icy envelope protects you from harm. (AC +0)
You are partially covered in sharp spines.
You are immune to freezing clouds.
You have an extremely huge brain. (Int +4)


Message History

* * * LOW HITPOINT WARNING * * *
The naga sharpshooter mumbles some strange words.
The naga sharpshooter magically shoots an arrow.
The arrow misses you.
Found a ring of teleportation and a potion of stabbing.
Found a stone staircase leading down.
You see here 3 arrows.
You take 15 damage, and have 8/169 hp.
Unknown command.
You carve the naga sharpshooter like a ham!!!
The naga sharpshooter is severely wounded.
You hit the naga sharpshooter. You slice the naga ritualist!!
The naga ritualist is struck by your spines.
You kill the naga ritualist!
Trog accepts your kill.
Trog appreciates your killing of a magic user.
The naga sharpshooter gestures wildly while chanting.
The naga sharpshooter magically shoots a bolt.
The bolt hits you!
You die...

#.
##..............
#.
#...............
#[.
...............
....
..?...........
#....
#............
....#
##...........=
#...†).N......
##(.(()@.N.....
##...##..N..#...
##...####...##
##)..## #..##
#...## ..## ..
##..## .!# #..#
#...## >.#
#..###...# ##..
#........###


You could see 3 naga sharpshooters.

Vanquished Creatures
  Jorgrun (D:15)
  Kirke (D:15)
  The ghost of corevian the Impaler, a journeyman DsGl of Okawaru (Lair:5)
  6 dire elephants (Lair:6)
  An ettin (D:15)
  Erolcha (D:11)
  4 hydras
  2 naga warriors (Snake:1)
  4 anacondas
  4 boulder beetles
  6 centaur warriors
  3 death knights
  4 two-headed ogres
  2 dancing weapons (D:13)
  A death yak (Lair:4)
  A tengu warrior (D:15)
  An orc high priest (Orc:2)
  A slime creature (D:14)
  Nergalle (D:10)
  3 skeletal warriors (D:14)
  6 unseen horrors
  3 naga ritualists (Snake:1)
  A lindwurm (Lair:4)
  An ugly thing (D:11)
  A wolf spider zombie (D:14)
  5 orc sorcerers
  4 orc knights
  2 deep elf magi (D:14)
  2 mana vipers (Snake:1)
  2 manticores
  3 cyclopes
  8 elephants
  Maurice (D:11)
  A centaur zombie (D:14)
  13 cane toads
  13 black mambas
  A naga mage (Snake:1)
  Maggie (D:9)
  4 torpor snails
  3 freezing wraiths (D:12)
  6 rime drakes
  5 komodo dragons
  5 trolls
  3 hornets
  3 polar bears
  A harpy skeleton (D:15)
  3 meliai (Lair:4)
  A queen bee (Lair:4)
  2 tyrant leeches (Lair:3)
  6 blink frogs
  A meliai zombie (D:14)
  7 dream sheep (Lair:6)
  A vampire (D:14)
  A shadow (D:13)
  5 wyverns
  A wraith (D:12)
  3 basilisks
  4 hogs (D:15)
  A steam dragon (Lair:3)
  Grum (D:9)
  48 yaks
  10 vampire mosquitoes
  2 swamp worms (Lair:3)
  3 nagas (Snake:1)
  9 wargs
  A soldier ant (D:14)
  12 water moccasins
  21 orc warriors
  5 ice beasts
  6 ogres
  3 sky beasts
  5 black bears
  2 eyes of draining (D:14)
  4 boggarts (Lair:5)
  2 phantoms
  19 centaurs
  15 wolves
  3 big kobolds
  17 bullfrogs
  A wyvern skeleton (D:14)
  3 scorpions
  A water moccasin skeleton (D:6)
  41 killer bees
  9 wights
  A howler monkey (D:14)
  2 bullfrog zombies
  4 jellies
  A quasit (D:6)
  18 orc priests
  6 hounds
  A bullfrog skeleton (D:13)
  17 orc wizards
  3 centaur skeletons
  6 worker ants
  A hound zombie (D:8)
  A hound skeleton (D:6)
  10 gnolls
  A worker ant zombie (D:6)
  13 adders
  2 shadow imps (D:8)
  3 white imps
  2 ufetubi (D:9)
  5 oozes
  2 adder skeletons (D:4)
  An adder zombie (D:7)
  3 worms
  2 dart slugs (D:1)
  6 leopard geckos
  81 orcs
  6 giant cockroaches
  5 goblins
  6 hobgoblins
  15 jackals
  A quokka (D:9)
  3 bats
  3 frilled lizards (D:2)
  14 kobolds
  9 rats
679 creatures vanquished.

Vanquished Creatures (collateral kills)
  A fire dragon (D:14)
  A boulder beetle (D:14)
  2 centaur warriors (D:14)
  2 orc high priests (Orc:2)
  2 orc knights (Orc:2)
  2 orc sorcerers (Orc:2)
  An ugly thing (D:14)
  2 slime creatures (D:14)
  A cane toad (Lair:4)
  A gargoyle (D:14)
  A redback zombie (D:14)
  A yaktaur (D:14)
  A blink frog (Lair:4)
  A shadow (D:14)
  3 basilisks
  A vampire mosquito (D:14)
  A soldier ant (D:14)
  An orc warrior (Orc:2)
  An ogre (D:14)
  A killer bee (Lair:4)
  2 hounds (D:14)
  A jelly (D:14)
  2 orc priests (Orc:2)
  3 orc wizards (Orc:2)
35 creatures vanquished.

Vanquished Creatures (others)
  28 fungi
  45 plants
73 creatures vanquished.

Grand Total: 787 creatures vanquished

Notes
Turn   | Place    | Note
-------+----------+-------------------------------------------
     0 | D:1      | jasper the Demonspawn Berserker began the quest for the
                  | Orb.
     0 | D:1      | Reached XP level 1. HP: 18/18 MP: 1/1
   138 | D:1      | Reached skill level 3 in Axes
   160 | D:1      | Gained mutation: Your flesh is cold resistant. (rC+)
                  | [demonic ancestry]
   160 | D:1      | Reached XP level 2. HP: 23/24 MP: 2/2
   519 | D:2      | Reached ** piety under Trog
   519 | D:2      | Reached XP level 3. HP: 29/29 MP: 3/3
   528 | D:2      | Reached skill level 4 in Axes
   776 | D:2      | Reached XP level 4. HP: 35/35 MP: 4/4
  1811 | D:3      | Noticed an ogre
  1903 | D:4      | Reached skill level 5 in Axes
  2150 | D:4      | Reached XP level 5. HP: 41/41 MP: 5/5
  2197 | D:4      | Noticed a phantom
  2213 | D:4      | Killed a phantom
  2213 | D:4      | Reached skill level 6 in Axes
  2213 | D:4      | Gained mutation: You have a pair of small antennae on your
                  | head. [demonic ancestry]
  2213 | D:4      | Reached XP level 6. HP: 35/47 MP: 6/6
  2704 | D:4      | Found Unwoh's Magic Scroll Emporium.
  2715 | D:4      | Bought a scroll of fog for 28 gold pieces
  2715 | D:4      | Bought a scroll of identify for 28 gold pieces
  2715 | D:4      | Bought a scroll of remove curse for 42 gold pieces
  2715 | D:4      | Bought a scroll of identify for 28 gold pieces
  2715 | D:4      | Bought a scroll of magic mapping for 49 gold pieces
  3055 | D:5      | Entered Level 5 of the Dungeon
  3576 | D:6      | Noticed an orc warrior
  3586 | D:6      | Noticed a warg
  3586 | D:6      | an orc warrior changed into a warg
  3596 | D:6      | Killed a warg
  3596 | D:6      | Reached skill level 7 in Axes
  4081 | D:6      | Reached *** piety under Trog
  4134 | D:6      | Gained mutation: You are immune to freezing clouds.
                  | [demonic ancestry]
  4134 | D:6      | Reached XP level 7. HP: 52/52 MP: 7/7
  4518 | D:6      | Reached skill level 8 in Axes
  4731 | D:6      | Found a snail-covered altar of Cheibriados.
  4985 | D:7      | Reached skill level 9 in Axes
  4985 | D:7      | Gained mutation: A meltable icy envelope protects you from
                  | harm. (AC +0) [demonic ancestry]
  4985 | D:7      | Reached XP level 8. HP: 57/58 MP: 8/8
  5111 | D:7      | Found a large runed translucent door.
  5112 | D:7      | Found a large runed translucent door.
  5113 | D:7      | Noticed snackwell's ghost (novice MfSu)
  5415 | D:7      | Reached skill level 10 in Axes
  5542 | D:7      | Found a staircase to the Ecumenical Temple.
  5626 | Temple   | Entered the Ecumenical Temple
  5902 | D:8      | Found the +9 staff of Olgreb {rPois∞}
  5909 | D:8      | Found a runed translucent gate.
  5909 | D:8      | Found a runed translucent gate.
  5910 | D:8      | Found a runed translucent door.
  6006 | D:8      | Found a runed translucent gate.
  6007 | D:8      | Found a runed translucent door.
  6097 | D:8      | Noticed a hornet
  6103 | D:8      | Paralysed by a hornet for 1 turns
  6107 | D:8      | Killed a hornet
  6107 | D:8      | Reached skill level 11 in Axes
  6107 | D:8      | Reached XP level 9. HP: 63/63 MP: 9/9
  6600 | D:3      | Reached **** piety under Trog
  7097 | D:9      | Noticed Maggie
  7110 | D:9      | Killed Maggie
  7532 | D:9      | Reached skill level 12 in Axes
  7693 | D:9      | Noticed a troll
  7778 | D:9      | Reached skill level 13 in Axes
  7779 | D:9      | Found a roughly hewn altar of Beogh.
  7805 | D:9      | Killed a troll
  7805 | D:9      | Reached XP level 10. HP: 57/70 MP: 10/10
  7957 | D:9      | Found a staircase to the Orcish Mines.
  7986 | D:9      | Reached ***** piety under Trog
  8210 | D:9      | Noticed Grum
  8232 | D:9      | Killed Grum
  8608 | Orc:1    | Entered Level 1 of the Orcish Mines
  8608 | Orc:1    | Found Pikanaots's Jewellery Boutique.
  8660 | Orc:1    | Bought an uncursed amulet of regeneration for 330 gold
                  | pieces
  8968 | Orc:1    | Reached skill level 14 in Axes
  9266 | Orc:2    | Entered Level 2 of the Orcish Mines
  9389 | Orc:2    | Received a gift from Trog
  9463 | Orc:2    | Found a staircase to the Elven Halls.
  9651 | Orc:2    | Found a roughly hewn altar of Beogh.
  9670 | Orc:2    | Found Toirch's Weapon Shoppe.
  9812 | Orc:2    | Noticed an orc knight
  9854 | Orc:2    | Killed an orc knight
  9920 | Orc:2    | Noticed an orc sorcerer
 10076 | Orc:2    | Killed an orc sorcerer
 10076 | Orc:2    | Reached skill level 15 in Axes
 10076 | Orc:2    | Reached XP level 11. HP: 75/75 MP: 11/11
 10246 | Orc:2    | Noticed an orc sorcerer
 10247 | Orc:2    | Noticed an orc sorcerer
 10254 | Orc:2    | Killed an orc sorcerer
 10256 | Orc:2    | Noticed an orc knight
 10259 | Orc:2    | Killed an orc sorcerer
 10259 | Orc:2    | Noticed an orc knight
 10263 | Orc:2    | Killed an orc knight
 10263 | Orc:2    | Noticed an orc knight
 10263 | Orc:2    | Noticed an orc high priest
 10264 | Orc:2    | Noticed an orc sorcerer
 10270 | Orc:2    | Killed an orc high priest
 10275 | Orc:2    | Killed an orc knight
 10276 | Orc:2    | Killed an orc knight
 10278 | Orc:2    | Noticed an orc high priest
 10279 | Orc:2    | Found Hoahisek's Magic Scroll Emporium.
 10280 | Orc:2    | Noticed an orc sorcerer
 10280 | Orc:2    | Noticed an orc high priest
 10282 | Orc:2    | Killed an orc high priest
 10285 | Orc:2    | Noticed an orc knight
 10285 | Orc:2    | Paralysed by an orc sorcerer for 3 turns
 10292 | Orc:2    | Killed an orc sorcerer
 10295 | Orc:2    | Killed an orc sorcerer
 10302 | Orc:2    | Noticed a soul eater
 10303 | Orc:2    | Reached skill level 16 in Axes
 10307 | Orc:2    | Noticed a soul eater
 10307 | Orc:2    | Noticed a sun demon
 10307 | Orc:2    | Killed an orc knight
 10687 | Orc:2    | Killed an orc high priest
 10742 | Orc:2    | Found Vyur's Antique Weapon Emporium.
 10743 | Orc:2    | Found Ufyecuc's Distillery.
 10748 | Orc:2    | Found Miuval's Antique Armour Shop.
 10799 | Orc:2    | Bought a potion of magic for 112 gold pieces
 10799 | Orc:2    | Bought a potion of mutation for 112 gold pieces
 10799 | Orc:2    | Bought a potion of heal wounds for 70 gold pieces
 10799 | Orc:2    | Bought a potion of degeneration for 14 gold pieces
 10799 | Orc:2    | Bought a potion of curing for 42 gold pieces
 10799 | Orc:2    | Bought a potion of curing for 42 gold pieces
 10799 | Orc:2    | Bought a potion of curing for 42 gold pieces
 10809 | Orc:2    | Bought a scroll of immolation for 56 gold pieces
 10809 | Orc:2    | Bought a scroll of fear for 56 gold pieces
 11113 | Orc:1    | Found a large runed translucent door.
 11113 | Orc:1    | Found a large runed translucent door.
 11151 | Orc:1    | Noticed Teryn's ghost (journeyman DsAK)
 11245 | D:10     | Entered Level 10 of the Dungeon
 11505 | D:10     | Noticed Nergalle
 11526 | D:10     | Killed Nergalle
 11760 | D:11     | Noticed a brown ugly thing
 11771 | D:11     | Killed a brown ugly thing
 11801 | D:11     | Found Qiecuve's Jewellery Shop.
 11805 | D:11     | Found Hoeheit's Magic Scroll Emporium.
 11818 | D:11     | Bought a scroll of blinking for 120 gold pieces
 11945 | D:11     | Noticed a boulder beetle
 11961 | D:11     | Killed a boulder beetle
 11961 | D:11     | Reached skill level 17 in Axes
 11961 | D:11     | Gained mutation: You are partially covered in sharp spines.
                  | [demonic ancestry]
 11961 | D:11     | Reached XP level 12. HP: 81/81 MP: 12/12
 12022 | D:11     | Noticed Erolcha
 12031 | D:11     | Killed Erolcha
 12113 | D:11     | Noticed a boulder beetle
 12128 | D:11     | Killed a boulder beetle
 12188 | D:11     | Noticed Maurice
 12199 | D:11     | Killed Maurice
 12282 | D:11     | Found a staircase to the Lair.
 12381 | D:11     | Found Zobahyk's Armour Boutique.
 12548 | Lair:1   | Entered Level 1 of the Lair of Beasts
 13198 | Lair:2   | Found a staircase to the Snake Pit.
 13646 | Lair:2   | Reached skill level 18 in Axes
 14712 | Lair:3   | Found a staircase to the Swamp.
 15011 | Lair:3   | Noticed a boulder beetle
 15370 | Lair:5   | Found a staircase to the Slime Pits.
 15413 | Lair:5   | Noticed a five-headed hydra
 15430 | Lair:5   | Killed a two-headed hydra
 15579 | Lair:5   | Found a runed translucent gate.
 15579 | Lair:5   | Found a runed translucent gate.
 15587 | Lair:5   | Found a runed translucent gate.
 15589 | Lair:5   | Noticed corevian's ghost (journeyman DsGl)
 15636 | Lair:5   | Gained mutation: You have an unusually large brain. (Int
                  | +2) [demonic ancestry]
 15636 | Lair:5   | Reached XP level 13. HP: 71/86 MP: 13/13
 15961 | Lair:5   | Reached skill level 19 in Axes
 16105 | Lair:6   | Entered Level 6 of the Lair of Beasts
 17166 | Lair:6   | Noticed a dire elephant
 17181 | Lair:6   | Noticed a dire elephant
 17565 | Lair:4   | Reached skill level 20 in Axes
 17599 | Lair:4   | Reached skill level 1 in Evocations
 17694 | Lair:4   | Received a gift from Trog
 17731 | Lair:4   | Got a glimmering battleaxe {god gift}
 17746 | Lair:4   | Identified the +6 battleaxe of Nideadan {vorpal, +Rage rN++
                  | Str-2 Int+4} (Trog gifted it to you on level 4 of the Lair
                  | of Beasts)
 18069 | Lair:4   | Reached XP level 14. HP: 96/96 MP: 14/14
 18643 | D:12     | You fall into a shaft and drop 1 floor!
 18668 | D:13     | Reached skill level 5 in Fighting
 18714 | D:13     | Found a gate to the Vaults.
 19215 | D:14     | Found a glowing golden altar of the Shining One.
 19369 | D:14     | Reached skill level 5 in Armour
 19373 | D:14     | Reached skill level 5 in Evocations
 19376 | D:14     | Reached skill level 5 in Dodging
 19787 | D:14     | Found a shimmering altar of Xom.
 19875 | D:14     | Received a gift from Trog
 20085 | D:14     | Identified the Incunabulum of Darkness
 20598 | D:15     | Entered Level 15 of the Dungeon
 20713 | D:15     | Noticed Kirke
 20725 | D:15     | Gained mutation: You have an extremely huge brain. (Int +4)
                  | [demonic ancestry]
 20725 | D:15     | Reached XP level 15. HP: 79/108 MP: 15/15
 20726 | D:15     | Killed Kirke
 20884 | D:15     | Noticed Jorgrun
 20892 | D:15     | Killed Jorgrun
 21076 | D:15     | Found a staircase to the Depths.
 22208 | Lair:5   | Killed corevian's ghost
 22758 | Snake:1  | Entered Level 1 of the Snake Pit
 22786 | Snake:1  | Received a gift from Trog
 23175 | Snake:1  | HP: 8/169 [naga sharpshooter/arrow (3)]
 23176 | Snake:1  | Shot with a bolt by a naga sharpshooter

Illustrated notes

Levels and vault maps discovered:
D:1:      dpeg_arrival_pits, layout_rooms, minmay_misc_feat_plants,
          minmay_indecisive_spiral
D:2:      layout_loops_ring, minmay_pentomino_v2
D:3:      layout_basic
D:4:      kennysheep_spiral_hall, layout_loops_corners, serial_shops,
          kennysheep_little_box
D:5:      layout_rooms
D:6:      layout_cave_pods, lemuel_round_altar, hex_tiny, minmay_crystal_room,
          corexii_shack, patterned_corridor
D:7:      layout_cave_pools, minmay_temple_entry_trees,
          ebering_ghost_disaster_area
D:8:      lemuel_upstairs_altar, layout_loops_ring,
          minmay_guarded_unrand_staff_of_olgreb
D:9:      layout_irregular_city, david_orc_5, uniq_maggie, uniq_grum
D:10:     layout_rooms, small_statue_intersection, uniq_nergalle
D:11:     layout_roguey, grunt_lair_entry_orc_guard_hut, serial_shops,
          nicolae_shop_window_shopping, shop, shop_statue, uniq_erolcha,
          uniq_maurice
D:12:     layout_gridville
D:13:     layout_loops_ring, erik_vaults_1
D:14:     minmay_the_grid_octo_tiled_octocenter_mashed
          [minmay_the_grid_octo_horde, minmay_the_grid_octo_concentric,
          minmay_the_grid_octo_clover, minmay_the_grid_octo_focus,
          minmay_the_grid_octo_prize_ultimate_mussel_roller,
          minmay_the_grid_square_5x5_checkered_statues,
          minmay_the_grid_square_5x5_bite, minmay_the_grid_square_5x5_forky,
          minmay_the_grid_square_5x5_three], layout_loops_ring, basic_altar,
          roderic_serpentine_path, tso_metal_star
D:15:     hangedman_depths_entry_civil_slaughter, layout_rooms,
          hangedman_decor_riveting, uniq_kirke, uniq_jorgrun
Temple:   nicolae_temple_the_god_donut
Lair:1:   layout_regular_city, serial_bayou_shore_b, infiniplex_staircase_pool,
          lemuel_fruit_tree
Lair:2:   layout_layer_cave, guppyfry_snake_entry_island
Lair:3:   layout_cave_pods, minmay_swamp_entry_worms, serial_bayou_pond_c
Lair:4:   hangedman_what_comes_after_a, layout_gridlike
Lair:5:   layout_regular_city, nicolae_slime_entry_slimehenge,
          ebering_ghost_rock_garden, kilobyte_rumbling_trees
Lair:6:   due_jungle_book, layout_regular_city
Snake:1:  layout_onion, grunt_ministairs_6, nicolae_snake_round_shape_thing,
          uniq_roxanne
Orc:1:    layout_caves, serial_shops, shop, ebering_ghost_disaster_area,
          nooodl_orcs_dogs
Orc:2:    st_orc_elflike, layout_diamond_mine, basic_altar, serial_shops,
          nicolae_shop_crystal

Skill      XL: |  1  2  3  4  5  6  7  8  9 10 11 12 13 14 15 |
---------------+----------------------------------------------+-----
Axes           | 3 4 5 6 7 9 11 13 15 17 18 20 | 20.0
Armour         | 3 6 8 |  8.2
Dodging        | 3 6 8 |  8.1
Evocations     | 3 6 8 |  8.6
Fighting       | 4 7 9 |  9.2

Action                   |  1- 3 |  4- 6 |  7- 9 | 10-12 | 13-15 || total
-------------------------+-------+-------+-------+-------+-------++-------
Melee: Hand axe          |    76 |   210 |    69 |       |       ||   355
       Battleaxe         |       |       |   258 |   314 |   800 ||  1372
       War axe           |       |       |       |   297 |    13 ||   310
Throw: Stone             |       |    46 |     9 |     2 |       ||    57
Invok: Berserk           |     3 |     6 |     9 |    18 |    13 ||    49
       Trog's Hand       |       |       |     2 |     7 |     8 ||    17
       Brothers in Arms  |       |       |       |     4 |     5 ||     9
Evoke: Wand              |       |     1 |     5 |    10 |    11 ||    27
  Use: Scroll            |       |     4 |     2 |     9 |    12 ||    27
       Potion            |       |       |       |       |     3 ||     3
 Stab: Paralysed         |       |       |     5 |       |       ||     5
       Sleeping          |       |       |       |     1 |       ||     1
       Invisible         |       |       |       |       |     2 ||     2
Armor: Animal skin       |     3 |       |       |       |       ||     3
       Chain mail        |    37 |    93 |   143 |   315 |   516 ||  1104
       Acid dragon scale |       |       |    58 |       |       ||    58
Dodge: Dodged            |    41 |    58 |   155 |   206 |   343 ||   803
Block: Other             |     4 |    32 |    88 |    22 |       ||   146
       Reflection        |       |     1 |     4 |       |       ||     5

Table legend: (Time is in decaauts)
 A = Elapsed time spent in this place.
 B = Non-inter-level travel time spent in this place.
 C = Inter-level travel time spent in this place.
 D = Time resting spent in this place.
 E = Time spent auto-exploring this place.
 F = Levels seen in this place.
 G = Mean time per level.
                   A        B        C        D        E       F      G
               +--------+--------+--------+--------+--------+-----+--------+
         Total |  23301 |  21732 |   1569 |   3071 |  14510 |  25 |  932.0 |
       Dungeon |  13285 |  12521 |    764 |   1638 |   8429 |  15 |  885.7 |
        Temple |      1 |      1 |      0 |      0 |      0 |   1 |    1.0 |
          Lair |   6991 |   6419 |    572 |    758 |   4498 |   6 | 1165.2 |
     Snake Pit |    394 |    394 |      0 |      0 |    315 |   1 |  394.0 |
  Orcish Mines |   2629 |   2396 |    233 |    674 |   1267 |   2 | 1314.5 |
               +--------+--------+--------+--------+--------+-----+--------+

Top non-repeatable levels by time:
   Orc:2: 1684 daAuts
     D:6: 1580 daAuts
  Lair:6: 1553 daAuts
  Lair:4: 1458 daAuts
     D:9: 1389 daAuts
     D:4: 1331 daAuts
    D:14: 1276 daAuts
     D:2: 1226 daAuts
  Lair:3: 1138 daAuts
     D:8: 1137 daAuts
  Lair:5: 1119 daAuts
  Lair:2: 1019 daAuts
   Orc:1: 944 daAuts
    D:11: 885 daAuts
     D:7: 717 daAuts
